 Dungeon Crawl Stone Soup version 0.28-a0-1152-g9c71ebef14 (webtiles) character file.

Game seed: 11095692974081760077

42 spaghetti the Sneak (level 3, -2/27 HPs)
             Began as an Octopode Delver on Dec 14, 2021.
             Shot with an arrow by a centaur (11 damage)
             ... on level 6 of the Dungeon.
             The game lasted 00:01:13 (414 turns).

spaghetti the Sneak (Octopode Delver)                Turns: 414, Time: 00:01:13

Health: -2/27      AC:  1    Str: 11    XL:     3   Next: 56%
Magic:  3/3        EV: 13    Int: 14    God:
Gold:   0          SH:  0    Dex: 13    Spells: 2/2 levels left

rFire   . . .      SeeInvis .   a - +0 hand axe {axe}
rCold   . . .      Faith    .   (no shield)
rNeg    . . .      Spirit   .   (helmet restricted)
rPois   .          Reflect  .   (no amulet)
rElec   .          Harm     .   (no ring)
rCorr   .          Rampage  .   (no ring)
Will    .....                   (no ring)
Stlth   ++++......              (no ring)
HPRegen 0.09/turn               (no ring)
MPRegen 0.08/turn               (no ring)
                                (no ring)
                                (no ring)

@: no status effects
A: almost no armour, amphibious, 8 rings, camouflage 1, gelatinous body 1,
(nimble swimmer 1), tentacles
a: no special abilities


You were on level 6 of the Dungeon.
You visited 1 branch of the dungeon, and saw 3 of its levels.


Innate Abilities, Weirdness & Mutations

You cannot wear most types of armour.
You are amphibious.
You can wear up to eight rings at the same time.
Your skin changes colour to match your surroundings (Stealth+).
Your rubbery body absorbs attacks. (AC +1, EV +1)
((You are camouflaged near water. (Stealth+)))
You have tentacles for arms and can constrict up to eight enemies at once.


   Skills:
 + Level 4.1 Fighting
 - Level 2.0 Axes
 - Level 2.0 Dodging
 - Level 6.6 Stealth
 + Level 1.4 Evocations


You had 2 spell levels left.
You didn't know any spells.
Your spell library was empty.

Inventory:

Hand Weapons
 a - a +0 hand axe (weapon) {axe}
Wands
 f - a wand of digging (3)
 g - a wand of iceblast (5)
   (You found it on level 6 of the Dungeon)
 h - a wand of paralysis (8)
   (You found it on level 6 of the Dungeon)
Scrolls
 c - a scroll of magic mapping {!r}
 d - a scroll of fear
Potions
 e - a potion of haste {@q3}

Dungeon Overview and Level Annotations

Branches:
Dungeon (7/15)
 Temple: D:4-7

Altars:

### #.. #.# ####
#.####### ...# #.##....#
...########.##....###.###
..>..........'.§§§+...c..
...########+##.§@.###.#..
...............§§§..c...
..)#######..........O...
##....####.....##.##....
#.....'..'.....##.# ....
#.....####.....##.# ..o
#.....# #.....##.. .o
#.....# #.....# ##
......# #.....#


You could see an orc warrior, an ogre, a centaur and an orc.


Message History

😎 HP[+6] MP[+1]
You now have 22 max hp (+6).
Your hp is fully restored (22).
Your mp is fully restored (2).
Unknown command.
An ogre comes into view. It is wielding a +0 giant club.
A killer bee zombie comes into view.
A gnoll comes into view. It is wielding a +1 halberd of flaming.
Found a stone staircase leading up.
There is a stone staircase leading up here.
You climb upwards.
There is a stone staircase leading down here.
Unknown command.
Unknown command.
Unknown command.
g - a wand of iceblast (5)
h - a wand of paralysis (8)
You open the door.
An orc priest comes into view. It is wielding a +0 flail.
The orc priest shouts!
Unknown command.
You start waiting.
An orc priest is nearby!
You hit the orc priest. Your grab misses the orc priest.
The orc priest calls down the wrath of Beogh upon you.
Pain shoots through your body! 😕 HP[-3]
You take 3 damage, and now have 19/22 hp.
You slash the orc priest! You grab the orc priest.
You constrict the orc priest.
The orc priest looks braver for a moment.
The orc priest misses you.
You hit the orc priest.
You kill the orc priest!
Your Fighting skill increases to level 4!
Your Evocations skill increases to level 1!
You have reached level 3!
Your experience leads to an increase in your attributes!
Increase (S)trength, (I)ntelligence, or (D)exterity?
You feel clever. x2 😕 HP[+4] MP[+1]
You now have 27 max hp (+5).
You regained 4 hp, and now have 23/27 hp.
Your mp is fully restored (3).
Unknown command.
Unknown command.
There is an open door here.
You open the door.
An orc comes into view. It is wielding a +0 flail.
An orc comes into view. It is wielding a +0 trident.
There is an open door here. 😎 HP[+4]
Your hp is fully restored (27).
i - a scroll labelled JATUEDUEKOISM
There are no items here.
j - a scroll labelled MOLISK BOOZAOZ
There are no items here.
Blink to where?
Press: ? - help, Dir - move target, f - you Are you sure you want to cancel this blink? [Y]es or [N]o only, please.
Are you sure you want to cancel this blink? [Y]es or [N]o only, please.
Are you sure you want to cancel this blink?
Okay, then.
As you read the scroll labelled JATUEDUEKOISM, it crumbles to dust.
It was a scroll of blinking.
As you read the scroll labelled MOLISK BOOZAOZ, it crumbles to dust.
You feel strangely unstable.
It was a scroll of teleportation.
Unknown command.
Unknown command.
Your surroundings suddenly seem different.
Unknown command.
There is a stone staircase leading down here.
There is an open door here.
A centaur comes into view.
A centaur is nearby!
A centaur is nearby!
An ogre comes into view. It is wielding a +0 giant spiked club.
The centaur shouts!
The ogre shouts!
The centaur wields a +0 shortbow.
The centaur shoots an arrow.
The arrow hits you!
You are too injured to fight recklessly! 😮 HP[-10]
You take 10 damage, and now have 17/27 hp.
MASSIVE DAMAGE!! (PAUSE)
You close the door.
There are monsters nearby!
The centaur shoots an arrow.
The arrow hits you!
* * * LOW HITPOINT WARNING * * *
The orc shouts!
You hear a shout!
The orc warrior shouts! 😨 HP[-8]
You take 8 damage, and now have 9/27 hp.
MASSIVE DAMAGE!! (PAUSE) Unknown command.
As you read the scroll of fog, it crumbles to dust.
The scroll dissolves into smoke.
You hear a shout! x2
The centaur shoots an arrow.
The arrow hits you!
You die...

Skill      XL: |  1  2 |
---------------+-------+-----
Fighting       | 4 |  4.1
Evocations     | 1 |  1.4
Axes           | |  2.0
Dodging        | |  2.0
Stealth        | |  6.6

Action                   || total
-------------------------++-------
Melee: Hand axe          ||    12
       Constrict         ||     5
       Tentacles         ||     3
  Use: Scroll            ||     3
 Stab: Sleeping          ||     1
Dodge: Dodged            ||     9

Levels and vault maps discovered:
D:5:      layout_loops_ring, mainiacjoe_overflow_catwalk,
          minmay_temple_entry_slanted, minmay_shop_damaged,
          kennysheep_windowed_goal, uniq_grinder
D:6:      layout_basic, solitary_fountain, serial_bayou_crossing
D:7:      layout_loops_corners, st_stairs_12, minivault_19

Notes
Turn   | Place    | Note
-------+----------+-------------------------------------------
     0 | D:5      | spaghetti the Octopode Delver began the quest for the Orb.
     0 | D:5      | Reached XP level 1. HP: 16/16 MP: 1/1
     0 | D:5      | magus.rc [v1.9.6]
     2 | D:5      | Noticed an ogre
     6 | D:6      | Noticed an orc warrior
    28 | D:6      | Noticed an orc wizard
    28 | D:6      | HP: 4/16 [orc (2)]
   274 | D:7      | Reached XP level 2. HP: 22/22 MP: 2/2
   282 | D:7      | Noticed an ogre
   335 | D:6      | Reached skill level 4 in Fighting
   335 | D:6      | Reached skill level 1 in Evocations
   335 | D:6      | Reached XP level 3. HP: 23/27 MP: 3/3
   409 | D:6      | Noticed a centaur
   410 | D:6      | Noticed an ogre
   414 | D:6      | Shot with an arrow by a centaur

Vanquished Creatures
  An orc priest (D:6)
  A white imp (D:7)
  3 orcs
5 creatures vanquished.

Table legend:
 A = Non-vault XP
 B = Vault XP
 C = Vault XP percentage of total XP
 D = Non-vault monster count
 E = Vault monster count
 F = Vault count percentage of total count
                 A         B        C        D         E       F
            +---------+---------+-------+---------+---------+-------
      Total |      61 |       0 |   0.0 |       5 |       0 |   0.0
            +---------+---------+-------+---------+---------+-------
        D:6 |      47 |       0 |   0.0 |       3 |       0 |   0.0
        D:7 |      14 |       0 |   0.0 |       2 |       0 |   0.0
            +---------+---------+-------+---------+---------+-------

Illustrated notes

Table legend:
 A = Kills in this place as a percentage of kills in entire the game.
 B = Kills by you in this place as a percentage of kills by you in the entire game.
 C = Kills by friends in this place as a percentage of kills by friends in the entire game.
 D = Other kills in this place as a percentage of other kills in the entire game.
 E = Experience gained in this place as a percentage of experience gained in the entire game.
 F = Experience gained in this place divided by the number of levels of this place that you have seen.
                   A       B       C       D       E      F
               +-------+-------+-------+-------+-------+----------------------
         Total | 100.0 | 100.0 |   N/A |   N/A | 100.0 |  20.3
       Dungeon | 100.0 | 100.0 |   N/A |   N/A | 100.0 |  20.3
               +-------+-------+-------+-------+-------+----------------------

Table legend: (Time is in decaauts)
 A = Elapsed time spent in this place.
 B = Non-inter-level travel time spent in this place.
 C = Inter-level travel time spent in this place.
 D = Time resting spent in this place.
 E = Time spent auto-exploring this place.
 F = Levels seen in this place.
 G = Mean time per level.
                   A        B        C        D        E       F      G
               +--------+--------+--------+--------+--------+-----+--------+
         Total |    416 |    416 |      0 |    194 |    107 |   3 |  138.7 |
       Dungeon |    416 |    416 |      0 |    194 |    107 |   3 |  138.7 |
               +--------+--------+--------+--------+--------+-----+--------+

Top non-repeatable levels by time:
     D:7: 222 daAuts
     D:6: 188 daAuts
     D:5: 6 daAuts
